MLB
NEW YORK YANKEES @ WASHINGTON NATIONALS
07/06/2047
 
TOP OF THE 1ST
New York Yankees batting - Pitching for Washington Nationals : RHP Danny Diaz
Pitching: RHP Danny Diaz
Batting: LHB Jason Peck 0-0: Ball
1-0: Called Strike
1-1: Foul Ball, location: 2F
1-2: Ball
2-2: Foul Ball, location: 2F
2-2: Foul Ball, location: 2F
2-2: SINGLE (Groundball, 4M, EV 103.1 MPH) (infield hit)
Batting: RHB C.J. Richerson 0-0: Ball
1-0: Called Strike
1-1: Fly out, F7 (Flyball, BS2, EV 98.8 MPH)
Batting: SHB Bartholomeu Chambino 0-0: Swinging Strike
0-1: Called Strike
0-2: Ball
Jason Peck is caught stealing 2nd base 2-6
1-2: Fly out, F7 (Flyball, 7, EV 76.2 MPH)
Top of the 1st over - 0 runs, 1 hit, 0 errors, 0 left on base; New York 0 - Washington 0
BOTTOM OF THE 1ST
Washington Nationals batting - Pitching for New York Yankees : RHP Jose Saenz
Pitching: RHP Jose Saenz
Batting: RHB Hisayuki Akiyama 0-0: DOUBLE (Line Drive, 7LM, EV 91.2 MPH)
Batting: RHB Dave Vargas 0-0: Foul Ball, location: 2F
0-1: Ball
1-1: Fly out, F7 (Flyball, 78S, EV 88.1 MPH)
Batting: LHB Seth Cook 0-0: Ball
1-0: Ball
2-0: Called Strike
2-1: Fly out, F7 (Flyball, 7D, EV 82.5 MPH)
Batting: RHB John Sanders 0-0: Ball
1-0: Swinging Strike
1-1: Swinging Strike
1-2: 2-RUN HOME RUN (Line Drive, 9D, EV 104.4 MPH), Distance : 380 ft
Batting: LHB Jeff Luvisi 0-0: Ground out 4-3 (Groundball, 4, EV 81.2 MPH)
Bottom of the 1st over - 2 runs, 2 hits, 0 errors, 0 left on base; New York 0 - Washington 2
TOP OF THE 2ND
New York Yankees batting - Pitching for Washington Nationals : RHP Danny Diaz
Batting: LHB Evan Torraville 0-0: Called Strike
0-1: Swinging Strike
0-2: Ball
1-2: Strikes out looking
Batting: RHB Shiro Suehiro 0-0: Called Strike
0-1: SINGLE (Line Drive, 4MD, EV 96.2 MPH)
Batting: LHB Jim Skare 0-0: Foul Ball, location: 2F
0-1: Ball
1-1: Foul Ball, location: 2F
1-2: Grounds into double play, U6-3 (Groundball, 4MD, EV 99.4 MPH)
Top of the 2nd over - 0 runs, 1 hit, 0 errors, 0 left on base; New York 0 - Washington 2
BOTTOM OF THE 2ND
Washington Nationals batting - Pitching for New York Yankees : RHP Jose Saenz
Batting: LHB Alexis Cantu 0-0: Ball
1-0: Ground out 4-3 (Groundball, 4, EV 85.0 MPH)
Batting: RHB Jesse Basich 0-0: Called Strike
0-1: Swinging Strike
0-2: Foul Ball, location: 2F
0-2: Ball
1-2: Ground out 5-3 (Groundball, 56S, EV 81.2 MPH)
Batting: RHB Takanibu Kaneshiro 0-0: Ball
1-0: Called Strike
1-1: Foul Ball, location: 2F
1-2: Strikes out swinging
Bottom of the 2nd over - 0 runs, 0 hits, 0 errors, 0 left on base; New York 0 - Washington 2
TOP OF THE 3RD
New York Yankees batting - Pitching for Washington Nationals : RHP Danny Diaz
Batting: RHB Geni Prawiranega 0-0: Ball
1-0: SINGLE (Groundball, 4D, EV 94.4 MPH)
Batting: LHB Joel Vera 0-0: Ball
1-0: Called Strike
1-1: Ball
2-1: 2-RUN HOME RUN (Flyball, 9D, EV 98.8 MPH), Distance : 383 ft
Batting: RHB Russ Shambaugh 0-0: Ball
1-0: Ground out 5-3 (Groundball, 56S, EV 69.4 MPH)
Batting: LHB Jason Peck 0-0: Ball
1-0: Foul Ball, location: 2F
1-1: Called Strike
1-2: Ball
2-2: Strikes out swinging
Batting: RHB C.J. Richerson 0-0: Swinging Strike
0-1: Ball
1-1: Swinging Strike
1-2: Strikes out swinging
Top of the 3rd over - 2 runs, 2 hits, 0 errors, 0 left on base; New York 2 - Washington 2
BOTTOM OF THE 3RD
Washington Nationals batting - Pitching for New York Yankees : RHP Jose Saenz
Batting: LHB Kyung-jin Cho 0-0: Called Strike
0-1: Ball
1-1: Foul Ball, location: 2F
1-2: Strikes out swinging
Batting: RHB Hisayuki Akiyama 0-0: Called Strike
0-1: Ground out 4-3 (Groundball, 4M, EV 106.9 MPH)
Batting: RHB Dave Vargas 0-0: Ball
1-0: SOLO HOME RUN (Flyball, 9D, EV 96.9 MPH), Distance : 376 ft
Batting: LHB Seth Cook 0-0: Called Strike
0-1: Ball
1-1: Ground out 4-3 (Groundball, 4, EV 84.4 MPH)
Bottom of the 3rd over - 1 run, 1 hit, 0 errors, 0 left on base; New York 2 - Washington 3
TOP OF THE 4TH
New York Yankees batting - Pitching for Washington Nationals : RHP Danny Diaz
Batting: SHB Bartholomeu Chambino 0-0: Called Strike
0-1: Foul Ball, location: 2F
0-2: Ball
1-2: Ball
2-2: SINGLE (Groundball, 34D, EV 103.8 MPH)
Batting: LHB Evan Torraville 0-0: Ball
Bartholomeu Chambino is caught stealing 2nd base 2-6
1-0: Ball
2-0: Ball
3-0: Base on Balls
Batting: RHB Shiro Suehiro 0-0: Called Strike
Evan Torraville is caught stealing 2nd base 2-4
0-1: Ball
1-1: Foul Ball, location: 2F
1-2: SINGLE (Line Drive, 89M, EV 105.6 MPH)
Batting: LHB Jim Skare 0-0: Ball
1-0: Ball
2-0: Ball
3-0: Called Strike
3-1: Called Strike
3-2: TRIPLE (Flyball, 8RXD, EV 85.0 MPH)
Shiro Suehiro scores
Batting: RHB Geni Prawiranega 0-0: Swinging Strike
0-1: Foul Ball, location: 2F
0-2: Ball
1-2: Ball
2-2: Strikes out swinging
Top of the 4th over - 1 run, 3 hits, 0 errors, 1 left on base; New York 3 - Washington 3
BOTTOM OF THE 4TH
Washington Nationals batting - Pitching for New York Yankees : RHP Jose Saenz
Batting: RHB John Sanders 0-0: Ball
1-0: Foul Ball, location: 2F
1-1: Ball
2-1: Foul Ball, location: 2F
2-2: Foul Ball, location: 2F
2-2: Ball
3-2: Base on Balls
Batting: LHB Jeff Luvisi 0-0: Called Strike
0-1: SINGLE (Line Drive, 9S, EV 104.4 MPH)
John Sanders to second
Batting: LHB Alexis Cantu 0-0: Grounds into double play, 4-6-3 (Groundball, 4M, EV 108.1 MPH)
John Sanders to third
Batting: RHB Jesse Basich 0-0: Foul Ball, location: 2F
0-1: Ball
1-1: Ball
2-1: Called Strike
2-2: Ground out 3-1 (Groundball, 34, EV 83.1 MPH)
Bottom of the 4th over - 0 runs, 1 hit, 0 errors, 1 left on base; New York 3 - Washington 3
TOP OF THE 5TH
New York Yankees batting - Pitching for Washington Nationals : RHP Danny Diaz
Batting: LHB Joel Vera 0-0: Fly out, F8 (Flyball, 8LS, EV 76.9 MPH)
Batting: RHB Russ Shambaugh 0-0: Ball
1-0: Swinging Strike
1-1: Swinging Strike
1-2: Foul Ball, location: 2F
1-2: Foul Ball, location: 2F
1-2: Ball
2-2: Strikes out looking
Batting: LHB Jason Peck 0-0: Called Strike
0-1: Ball
1-1: Swinging Strike
1-2: Foul Ball, location: 2F
1-2: Ball
2-2: Ball
3-2: Foul Ball, location: 2F
3-2: Base on Balls
Batting: RHB C.J. Richerson 0-0: Ball
1-0: DOUBLE (Groundball, 5L, EV 103.8 MPH)
Jason Peck to third
Runner from 3rd tries for Home, SAFE, throw by LF to home
Batting: SHB Bartholomeu Chambino 0-0: Called Strike
0-1: SINGLE (Groundball, 34S, EV 64.4 MPH) (infield hit)
C.J. Richerson to third
Batting: LHB Evan Torraville 0-0: Ball
1-0: Called Strike
1-1: Ball
2-1: 3-RUN HOME RUN (Flyball, 9D, EV 96.9 MPH), Distance : 372 ft
Pitching: RHP Cory Jones
Batting: RHB Shiro Suehiro 0-0: Ball
1-0: Called Strike
1-1: Foul Ball, location: 2F
1-2: Ground out 5-3 (Groundball, 56S, EV 71.9 MPH)
Top of the 5th over - 4 runs, 3 hits, 0 errors, 0 left on base; New York 7 - Washington 3
BOTTOM OF THE 5TH
Washington Nationals batting - Pitching for New York Yankees : RHP Jose Saenz
Batting: RHB Takanibu Kaneshiro 0-0: Foul Ball, location: 2F
0-1: Ball
1-1: Foul Ball, location: 2F
1-2: Foul Ball, location: 2F
1-2: Ball
2-2: Foul Ball, location: 2F
2-2: Ball
3-2: Base on Balls
Batting: LHB Kyung-jin Cho 0-0: SINGLE (Groundball, 6MD, EV 95.0 MPH) (infield hit)
Takanibu Kaneshiro to second
Batting: RHB Hisayuki Akiyama 0-0: Ball
1-0: Ball
2-0: DOUBLE (Flyball, 78D, EV 97.5 MPH)
Takanibu Kaneshiro scores
Kyung-jin Cho to third
Batting: RHB Dave Vargas 0-0: Called Strike
0-1: Foul Ball, location: 2F
0-2: Ball
1-2: Ball
2-2: Ball
3-2: Fly out, F6 (Flyball, 56D, EV 93.8 MPH)
Batting: LHB Seth Cook 0-0: Ball
1-0: Called Strike
1-1: SINGLE (Groundball, 34D, EV 94.4 MPH)
Kyung-jin Cho scores
Hisayuki Akiyama to third
Runner from 3rd tries for Home, SAFE, throw by RF to home
Pitching: RHP Eric Aguilar
Batting: RHB John Sanders 0-0: Ball
1-0: Called Strike
1-1: Ball
2-1: Foul Ball, location: 2F
2-2: Foul Ball, location: 2F
2-2: Ball
3-2: Foul Ball, location: 2F
3-2: Foul Ball, location: 2F
3-2: Foul Ball, location: 2F
3-2: Base on Balls
Seth Cook to second
Batting: LHB Jeff Luvisi 0-0: Called Strike
0-1: Called Strike
0-2: Foul Ball, location: 2F
0-2: Foul Ball, location: 2F
0-2: Ball
1-2: Ball
2-2: Strikes out swinging
Batting: LHB Alexis Cantu 0-0: Ball
1-0: Fielders Choice at 2nd, 6-4 (Groundball, 56, EV 104.4 MPH)
Bottom of the 5th over - 3 runs, 3 hits, 0 errors, 2 left on base; New York 7 - Washington 6
TOP OF THE 6TH
New York Yankees batting - Pitching for Washington Nationals : RHP Cory Jones
Batting: LHB Jim Skare 0-0: Ball
1-0: DOUBLE (Groundball, 3L, EV 98.1 MPH)
Batting: RHB Geni Prawiranega 0-0: Ground out 6-3 (Groundball, 6, EV 85.6 MPH)
Batting: LHB Joel Vera 0-0: Intentional Walk
Batting: RHB Russ Shambaugh 0-0: Called Strike
0-1: Foul Ball, location: 2F
0-2: Foul Ball, location: 2F
0-2: Strikes out swinging
Batting: LHB Jason Peck 0-0: Called Strike
0-1: Ball
1-1: Ball
2-1: Swinging Strike
2-2: Ball
3-2: Base on Balls
Jim Skare to third
Joel Vera to second
Batting: RHB C.J. Richerson 0-0: Called Strike
0-1: Foul Ball, location: 2F
0-2: Ball
1-2: Ball
2-2: Foul Ball, location: 2F
2-2: Strikes out swinging
Top of the 6th over - 0 runs, 1 hit, 0 errors, 3 left on base; New York 7 - Washington 6
BOTTOM OF THE 6TH
Washington Nationals batting - Pitching for New York Yankees : RHP Eric Aguilar
Batting: RHB Jesse Basich 0-0: Ball
1-0: Ball
2-0: Called Strike
2-1: Ball
3-1: Ground out 6-3 (Groundball, 6, EV 93.1 MPH)
Batting: RHB Takanibu Kaneshiro 0-0: Ball
1-0: Foul Ball, location: 2F
1-1: Called Strike
1-2: Ball
2-2: Ball
3-2: Strikes out swinging
Batting: LHB Kyung-jin Cho 0-0: Ball
1-0: Ball
2-0: Ground out 5-3 (Groundball, 56, EV 98.1 MPH)
Bottom of the 6th over - 0 runs, 0 hits, 0 errors, 0 left on base; New York 7 - Washington 6
TOP OF THE 7TH
New York Yankees batting - Pitching for Washington Nationals : RHP Cory Jones
Pitching: RHP Caleb Westbay
Batting: SHB Bartholomeu Chambino 0-0: Foul Ball, location: 2F
0-1: Fly out, F6 (Line Drive, 6M, EV 86.9 MPH)
Batting: LHB Evan Torraville 0-0: Called Strike
0-1: Ball
1-1: Ground out 1-3 (Groundball, 34S, EV 67.5 MPH)
Batting: RHB Shiro Suehiro 0-0: Foul Ball, location: 2F
0-1: Ball
1-1: Foul Ball, location: 2F
1-2: Strikes out swinging
Top of the 7th over - 0 runs, 0 hits, 0 errors, 0 left on base; New York 7 - Washington 6
BOTTOM OF THE 7TH
Washington Nationals batting - Pitching for New York Yankees : RHP Eric Aguilar
Pitching: RHP Steve Grier
Batting: RHB Hisayuki Akiyama 0-0: Called Strike
0-1: Foul Ball, location: 2F
0-2: Strikes out swinging
Batting: RHB Dave Vargas 0-0: Ball
1-0: Called Strike
1-1: Called Strike
1-2: Ground out 5-3 (Groundball, 5S, EV 93.1 MPH)
Batting: LHB Seth Cook 0-0: Called Strike
0-1: Called Strike
0-2: SINGLE (Groundball, 56D, EV 109.4 MPH)
Batting: RHB John Sanders 0-0: Fielders Choice at 2nd, 6-4 (Groundball, 6, EV 86.9 MPH)
Bottom of the 7th over - 0 runs, 1 hit, 0 errors, 1 left on base; New York 7 - Washington 6
TOP OF THE 8TH
New York Yankees batting - Pitching for Washington Nationals : RHP Caleb Westbay
Batting: LHB Jim Skare 0-0: Ball
1-0: Ball
2-0: Foul Ball, location: 2F
2-1: Ball
3-1: Foul Ball, location: 2F
3-2: Strikes out swinging
Batting: RHB Geni Prawiranega 0-0: Ball
1-0: Ball
2-0: Foul Ball, location: 2F
2-1: Foul Ball, location: 2F
2-2: Foul Ball, location: 2F
2-2: Strikes out swinging
Batting: LHB Joel Vera 0-0: Ball
1-0: Ground out 4-3 (Groundball, 4, EV 100.6 MPH)
Top of the 8th over - 0 runs, 0 hits, 0 errors, 0 left on base; New York 7 - Washington 6
BOTTOM OF THE 8TH
Washington Nationals batting - Pitching for New York Yankees : RHP Steve Grier
Batting: LHB Jeff Luvisi 0-0: Called Strike
0-1: Foul Ball, location: 2F
0-2: Ball
1-2: Ball
2-2: Ball
3-2: Foul Ball, location: 2F
3-2: Ground out 4-3 (Groundball, 4S, EV 88.8 MPH)
Batting: LHB Alexis Cantu 0-0: Ball
1-0: Foul Ball, location: 2F
1-1: Ball
2-1: Foul Ball, location: 2F
2-2: Ground out 6-3 (Groundball, 6, EV 86.2 MPH)
Batting: RHB Jesse Basich 0-0: Ball
1-0: Ball
2-0: Ball
3-0: Foul Ball, location: 2F
3-1: Base on Balls
Batting: RHB Takanibu Kaneshiro 0-0: 2-RUN HOME RUN (Flyball, 78XD, EV 108.8 MPH), Distance : 404 ft
Batting: LHB Kyung-jin Cho 0-0: Called Strike
0-1: Called Strike
0-2: Ball
1-2: DOUBLE (Groundball, 5L, EV 105.0 MPH)
Batting: RHB Hisayuki Akiyama 0-0: Ground out 6-3 (Groundball, 56D, EV 103.1 MPH)
Bottom of the 8th over - 2 runs, 2 hits, 0 errors, 1 left on base; New York 7 - Washington 8
TOP OF THE 9TH
New York Yankees batting - Pitching for Washington Nationals : RHP Caleb Westbay
Pitching: LHP Keith Pratt
Now at 1B: Jesse Basich
Now at 2B: Masashi Yukizawa
Now at 3B: John Sanders
Batting: RHB Russ Shambaugh 0-0: Ball
1-0: Called Strike
1-1: Foul Ball, location: 2F
1-2: Ball
2-2: Foul Ball, location: 2F
2-2: Ground out 4-3 (Groundball, 4MD, EV 81.2 MPH)
Pinch Hitting: SHB Victor Ruiz 0-0: Called Strike
0-1: Foul Ball, location: 2F
0-2: Foul Ball, location: 2F
0-2: Ball
1-2: Foul Ball, location: 2F
1-2: Foul Ball, location: 2F
1-2: Ball
2-2: Strikes out swinging
Batting: RHB C.J. Richerson 0-0: Ball
1-0: Foul Ball, location: 2F
1-1: Ball
2-1: Swinging Strike
2-2: Foul Ball, location: 2F
2-2: Ball
3-2: Foul Ball, location: 2F
3-2: Foul Ball, location: 2F
3-2: Strikes out swinging
Top of the 9th over - 0 runs, 0 hits, 0 errors, 0 left on base; New York 7 - Washington 8
Thursday, December 15th , 2022 - OOTP Baseball 23.9 Build 102